 Dungeon Crawl Stone Soup version 0.20.0 (webtiles) character file.

884 Llamajah the Skirmisher (level 8, -2/65 HPs)
             Began as a Barachi Fighter on May 31, 2017.
             Slain by an ogre
             ... wielding a +0 giant spiked club
              (13 damage)
             ... on level 6 of the Dungeon.
             The game lasted 00:20:46 (5294 turns).

Llamajah the Skirmisher (Barachi Fighter)           Turns: 5294, Time: 00:20:47

Health: -2/65      AC: 21    Str: 22    XL:     8   Next: 5%
Magic:  9/9        EV:  4    Int:  9    God:
Gold:   170        SH: 15    Dex: 12    Spells: 7/7 levels left

rFire    . . .     SeeInvis .   F - +1 long sword (holy)
rCold    . . .     Gourm    .   k - +0 large shield
rNeg     . . .     Faith    .   E - +7 plate armour "Petruubi" {rPois}
rPois    +         Spirit   .   (no helmet)
rElec    .         Reflect  .   g - +0 cloak
rCorr    .         Harm     .   (no gloves)
MR       .....                  (no boots)
Stlth    ..........             (no amulet)
Regen    0.2/turn               C - ring of loudness (curse)
MPRegen  0.2/turn               y - +3 ring of strength

@: slow
A: +LOS, swims, slowness 1, strong legs 1
a: Hop


You were on level 6 of the Dungeon.
You were not hungry.

You visited 1 branch of the dungeon, and saw 6 of its levels.

You collected 313 gold pieces.
You spent 143 gold pieces at shops.

Inventory:

Hand Weapons
 F - a +1 long sword of holy wrath (weapon)
 G - a +0 flail of protection
Armour
 g - a +0 cloak (worn)
 k - a +0 large shield (worn)
 E - the +7 plate armour "Petruubi" (worn) {rPois}
   (You found it on level 4 of the Dungeon)

   It protects you from poison.
Jewellery
 e - an uncursed ring of positive energy
 i - an uncursed ring of flight
 o - an uncursed ring of see invisible
 x - an uncursed ring of ice
 y - a +3 ring of strength (right hand)
 C - a cursed ring of loudness (left hand)
 I - an uncursed ring of fire
Wands
 B - a wand of confusion (44/48)
Scrolls
 a - a scroll of identify
 n - 2 scrolls of fear
 u - 2 scrolls of teleportation
 w - a scroll of immolation
 A - a scroll of amnesia
Potions
 b - 2 potions of resistance
 d - 2 potions of might
 h - a potion of curing
 p - 2 potions of magic
 s - 2 potions of ambrosia
 t - a potion of lignification
 v - a potion of mutation
 z - 2 potions of agility
Comestibles
 c - 8 chunks of flesh
 f - 6 bread rations
 j - 8 meat rations
 l - 3 royal jellies
 q - 7 fruits


   Skills:
 + Level 6.7 Fighting
 + Level 3.8 Long Blades
 * Level 6.1 Armour
 + Level 3.5 Dodging
 + Level 5.1 Shields
 + Level 2.3 Evocations


You had 7 spell levels left.
You didn't know any spells.

Dungeon Overview and Level Annotations

Branches:
Dungeon (6/15)
 Temple: D:4-7

Altars:
Ashenzari
Nemelex Xobeh
Qazlal
Yredelemnul

Shops:
D:4 (


Innate Abilities, Weirdness & Mutations

Shadows flee at your approach. (+LOS)
You can swim through water.
You cover ground slowly.
You can hop short distances.


Message History

You block the sky beast's attack.
The two-headed ogre hits you with a giant club.
You block the two-headed ogre's attack.
The sky beast hits you but does no damage.
Your shield and plate armour "Petruubi" prevent you from hitting the two-headed ogre.
The two-headed ogre is heavily wounded.
You block the ogre's attack.
The two-headed ogre hits you with a giant club.
You block the two-headed ogre's attack. You block the sky beast's attack.
You slash the two-headed ogre!
The two-headed ogre is severely wounded.
The ogre barely misses you. You block the sky beast's attack.
The two-headed ogre hits you with a giant club!
The two-headed ogre hits you with a giant spiked club!
* * * LOW HITPOINT WARNING * * *
You hit the two-headed ogre but do no damage.
The two-headed ogre is severely wounded.
You block the sky beast's attack.
The ogre hits you with a giant spiked club!
You die...

#....⌠.⌠!.# ## #.........# #.
#.........# #. #.........#
#####. ####....########
###..... #.#.........#
#....... ####.#[.######.#
#....... #......OY#.....#
#.....). #.##†#..@...##.#
#.....). ###.# #.#..O....#.#
#.......
#.....##.#....#.##.###.......
#.............._......####'##
#...####.#.#..#.#.....####.#
# ..........##..#.##...#
###.#.#.#.###..#.####.#
...#.#.#......# ####.# ##.#
#.######.# #.##.#


You could see a two-headed ogre, a sky beast and an ogre.

Vanquished Creatures
  A bullfrog (D:6)
  A scorpion (D:5)
  5 orc priests
  A bullfrog skeleton (D:5)
  A hound (D:6)
  5 orc wizards
  2 iguanas (D:5)
  Terence (D:2)
  4 worker ants
  A killer bee zombie (D:5)
  A hound zombie (D:6)
  8 adders
  A worker ant zombie (D:5)
  2 shadow imps (D:6)
  An adder skeleton (D:5)
  4 worms
  2 dart slugs (D:1)
  2 leopard geckos (D:2)
  17 orcs
  11 bats
  5 giant cockroaches
  5 goblins
  7 hobgoblins
  13 jackals
  2 quokkas (D:2)
  8 frilled lizards
  5 kobolds
  9 rats
125 creatures vanquished.

Notes
Turn   | Place    | Note
-------+----------+-------------------------------------------
     0 | D:1      | Llamajah the Barachi Fighter began the quest for the Orb.
     0 | D:1      | Reached XP level 1. HP: 18/18 MP: 1/1
   157 | D:1      | Reached XP level 2. HP: 21/25 MP: 2/2
   419 | D:1      | Reached XP level 3. HP: 30/30 MP: 3/3
   954 | D:2      | Reached skill level 1 in Dodging
  1061 | D:2      | Reached XP level 4. HP: 3/38 MP: 4/4
  1062 | D:2      | HP: 1/38 [poisoned by an adder]
  1852 | D:3      | Noticed Terence
  2234 | D:3      | Reached skill level 5 in Fighting
  2297 | D:3      | Reached XP level 5. HP: 28/44 MP: 5/5
  2556 | D:2      | Killed Terence
  2680 | D:3      | Reached XP level 6. HP: 33/52 MP: 6/6
  3481 | D:4      | Got a heavily runed plate armour
  3492 | D:4      | Identified the +7 plate armour "Petruubi" {rPois} (You found it on level 4 of the Dungeon)
  3554 | D:4      | Found Jegeh's Antique Weapon Emporium.
  3559 | D:4      | Bought a glowing long sword for 143 gold pieces
  3628 | D:4      | Reached skill level 5 in Armour
  4099 | D:5      | Entered Level 5 of the Dungeon
  4414 | D:5      | Reached XP level 7. HP: 55/58 MP: 7/7
  4562 | D:5      | Reached skill level 1 in Evocations
  4577 | D:5      | Found a basalt altar of Yredelemnul.
  5076 | D:6      | Found a basalt altar of Yredelemnul.
  5134 | D:6      | Reached skill level 5 in Shields
  5197 | D:6      | Found a shattered altar of Ashenzari.
  5213 | D:6      | Reached XP level 8. HP: 65/65 MP: 9/9
  5241 | D:6      | Found a stormy altar of Qazlal.
  5257 | D:6      | Found a sparkling altar of Nemelex Xobeh.
  5262 | D:6      | Noticed a two-headed ogre
  5294 | D:6      | Slain by an ogre

Skill      XL: |  1  2  3  4  5  6  7 |
---------------+----------------------+-----
Fighting       | 4 5 6 |  6.7
Armour         | 4 5 6 |  6.1
Dodging        | 1 2 3 |  3.5
Shields        | 4 5 |  5.1
Long Blades    | 3 |  3.8
Evocations     | 2 |  2.3

Action                   |  1- 3 |  4- 6 |  7- 9 || total
-------------------------+-------+-------+-------++-------
Melee: Long sword        |   108 |   295 |   114 ||   517
 Abil: Hop               |       |     1 |       ||     1
Evoke: Wand              |       |       |     2 ||     2
  Use: Potion            |       |     2 |       ||     2
       Scroll            |       |    17 |       ||    17
 Stab: Confused          |       |       |     1 ||     1
  Eat: Chunk             |     1 |    12 |     4 ||    17
Armor: Scale mail        |    92 |   178 |       ||   270
       Plate armour      |       |    37 |    78 ||   115
Dodge: Dodged            |    48 |   137 |    20 ||   205
Block: Shield            |    92 |   221 |    45 ||   358
       Large shield      |       |       |    40 ||    40
       Rpst.: Long sword |    13 |    44 |     7 ||    64
